 Dungeon Crawl Stone Soup version 0.18-a0-1163-g98183fe (webtiles) character file.

621 Sixotanaka the Conjurer (level 7, -4/41 HPs)
             Began as an Octopode Venom Mage on Jan 18, 2016.
             Was an Initiate of Vehumet.
             Splashed by a jelly's acid (11 damage)
             ... on level 6 of the Dungeon on Jan 25, 2016.
             The game lasted 00:13:45 (5379 turns).

Sixotanaka the Conjurer (Octopode Venom Mage)       Turns: 5379, Time: 00:13:45

Health: -4/41      AC: -11   Str:  8    XL:     7   Next: 46%
Magic:  6/10       EV: 12    Int: 19    God:    Vehumet [......]
Gold:   272        SH:  0    Dex: 16    Spells: 2 memorised, 6 levels left

rFire  . . .     SeeInvis .     x - +0 dagger (speed)
rCold  . . .     Gourm    .     (no shield)
rNeg   . . .     Faith    .     (helmet restricted)
rPois  +         Spirit   .     (no amulet)
rElec  .         Dismiss  .     y - +4 ring of dexterity
rCorr  .         Reflect  .     D - ring of poison resistance
SustAt .         Harm     .     (no ring)
MR     .....                    (no ring)
Stlth  +++.......               (no ring)
                                (no ring)
                                (no ring)
                                (no ring)

@: corroded equipment, flying, not resistant to hostile enchantments, fairly
stealthy
A: almost no armour, amphibious, 8 rings, constrict 8, camouflage 1, gelatinous
body 1
a: Renounce Religion


You were on level 6 of the Dungeon.
You worshipped Vehumet.
Vehumet was noncommittal.
You were not hungry.

You visited 2 branches of the dungeon, and saw 7 of its levels.

You collected 272 gold pieces.


Innate Abilities, Weirdness & Mutations

You cannot wear most types of armour.
You are amphibious.
You can wear up to eight rings at the same time.
You can use your tentacles to constrict eight enemies at once.
Your skin changes colour to match your surroundings (Stealth).
Your rubbery body absorbs attacks (AC +1).


   Skills:
 - Level 2.0 Dodging
 - Level 2.6 Stealth
 - Level 2.0 Spellcasting
 + Level 7.1 Conjurations
 - Level 6.0 Poison Magic


You had 6 spell levels left.
You knew the following spells:

 Your Spells              Type           Power        Failure   Level  Hunger
c - Mephitic Cloud        Conj/Pois/Air  ###.....     12%         3    ###....
z - Sting                 Conj/Pois      ####         1%          1    #......


Dungeon Overview and Level Annotations

Branches:
Dungeon (6/15)             Temple (1/1) D:4

Altars:
Ashenzari
Cheibriados
Dithmenos
Makhleb
Nemelex Xobeh
Pakellas
Ru
Sif Muna
Trog
Vehumet
Yredelemnul
Zin
The Shining One

Annotations:
D:5 Menkaure, Sigmund

Inventory:

Hand Weapons
 s - a +0 rapier
 x - a +0 dagger of speed (weapon)
   (You took it off a goblin on level 3 of the Dungeon)
 C - a +0 dagger of draining
   (You found it on level 4 of the Dungeon)
Armour
 u - a +0 buckler
Jewellery
 y - a +4 ring of dexterity (left tentacle)
 A - an uncursed amulet of rage
 D - a ring of poison resistance (right tentacle)
Wands
 H - a wand of paralysis (6/24)
Scrolls
 g - a scroll of enchant armour
 h - 2 scrolls of fear {unknown}
 j - a scroll of recharging {unknown}
 l - 3 scrolls of random uselessness {unknown}
 m - 3 scrolls of identify {unknown}
 n - 6 scrolls of remove curse {@r2}
 q - a scroll of teleportation {unknown}
 v - a scroll of fog {unknown}
 B - 2 scrolls of blinking {unknown}
Potions
 c - a potion of curing {unknown}
 d - a potion of brilliance {unknown}
 e - a potion of heal wounds {unknown}
 f - a potion of cancellation {unknown}
 i - a potion of flight
 o - 2 potions of might {unknown}
 r - a potion of poison {unknown}
 t - a potion of ambrosia {unknown}
 z - a potion of invisibility {unknown}
 E - 2 potions of cure mutation {unknown}
Books
 a - a Young Poisoner's Handbook
 w - a book of Spatial Translocations
Comestibles
 b - 5 bread rations
 k - 3 fruits
 p - 3 meat rations
 F - a slice of pizza
 G - 3 chunks of flesh

... #...
#.... ##.....
..... ...
#####+#†#
##.....≈.#
#'@Jh....#
##.......#
#......†....
#......##...#
#......# ...#
######## ..#
##_## ..#
8...8


You could see a jelly and a jackal.


Message History

The sky beast is engulfed in noxious fumes.
The sky beast appears confused.
You hit the sky beast but do no damage. You squeeze the sky beast!
The jackal bites itself.
The sky beast is engulfed in noxious fumes.
The sky beast appears confused.
A giant cockroach comes into view.
The giant cockroach waves its antennae.
The giant cockroach misses you. The sky beast barely misses you.
You barely miss the sky beast. You squeeze the sky beast.
The jackal closely misses the giant cockroach.
A jelly comes into view.
You hit the sky beast.
You kill the sky beast!
Vehumet accepts your kill.
Your Conjurations skill increases to level 7!
The giant cockroach bites you but does no damage.
The giant cockroach bites you but does no damage.
The jackal barely misses the giant cockroach.
You hit the giant cockroach but do no damage.
You grab the giant cockroach.
You constrict the giant cockroach, but do no damage.
The giant cockroach closely misses you.
You hit the giant gecko skeleton.
Your grab misses the giant gecko skeleton.
You constrict the giant cockroach. The giant cockroach barely misses you.
The jackal bites the giant gecko skeleton.
The giant gecko skeleton splashes around in the water.
You release your grip on the giant cockroach.
The jackal bites the giant cockroach.
The giant cockroach bites you.
There is a stone staircase leading up here.
Casting: Mephitic Cloud
Aiming: Sting
Aim: a giant cockroach (almost dead)
The sting hits the giant cockroach.
The giant cockroach is poisoned.
You kill the giant cockroach!
Vehumet accepts your kill.
You hit the giant gecko skeleton.
You destroy the giant gecko skeleton!
Vehumet accepts your kill.
You barely miss the jelly. The jelly barely misses you.
You hit the jelly.
Your tentacles burn!
The jelly barely misses you.
You hit the jelly.
Your tentacles burn!
The jackal seems less confused.
You hit the jelly but do no damage.
Your tentacles burn!
The jelly completely misses you.
You hit the jelly. The acid corrodes you!
Your tentacles burn!
The jelly hits you.
You are splashed with acid!
The acid corrodes you!
The acid burns!
* * * LOW HITPOINT WARNING * * *
Casting: Sting
Aiming: Mephitic Cloud
Aim: a jackal (severely wounded)
Okay, then.
Here: a jelly (heavily wounded)
A giant cockroach corpse.
A stone staircase leading up.
You hit the jelly but do no damage. The acid corrodes you!
Your tentacles burn!
* * * LOW HITPOINT WARNING * * *
Drink which item? (? for menu, Esc to quit)
Okay, then.
Read which item? (? for menu, Esc to quit)
Okay, then.
Drink which item? (? for menu, Esc to quit)
It was a potion of flight.
You feel very buoyant.
You fly up into the air.
The jelly hits you.
* * * LOW HITPOINT WARNING * * *
You are splashed with acid!
The acid burns!
You die...

Action                   |  1- 3 |  4- 6 |  7- 9 || total
-------------------------+-------+-------+-------++-------
Melee: Unarmed           |     6 |       |       ||     6
       Short sword       |     6 |       |       ||     6
       Rapier            |       |     5 |       ||     5
       Dagger            |       |    34 |    24 ||    58
 Cast: Sting             |    78 |    87 |     6 ||   171
       Mephitic Cloud    |       |     2 |     1 ||     3
  Use: Scroll            |       |     3 |       ||     3
       Potion            |       |       |     1 ||     1
 Stab: Sleeping          |       |     4 |     1 ||     5
       Confused          |       |     1 |       ||     1
  Eat: Chunk             |     3 |    10 |       ||    13
       Pizza             |       |     1 |       ||     1
       Meat ration       |       |       |     1 ||     1

Vault maps used:
D:1:      minmay_arrival_three_doors, serial_bayou_pond_c, minmay_hedge_maze,
          st_stairs_4, serial_bayou_pond_b
D:2:      nemelex_diamond_rough_becter
D:3:      cheibrodos_ashenzari_chains, first_bread
D:4:      cheibriados_altar_1, nicolae_overflow_crystal_walls,
          minmay_temple_entry_fiery, kennysheep_nub,
          hangedman_decor_peaks_small, corexii_hall_statues_x,
          grunt_dithmenos_shadows
D:5:      nicolae_ru_awakened_eye, lemuel_coloured_pillars_altar, serial_curves,
          eino_curves_02, eino_curves_01, eino_curves_03, uniq_sigmund,
          uniq_menkaure
D:6:      kennysheep_six_static_rooms, nicolae_overflow_hidden_temple,
          grunt_qazlal_sundering
Temple:   minmay_temple_curvy_8

Notes
Turn   | Place    | Note
--------------------------------------------------------------
     0 | D:1      | Sixotanaka the Octopode Venom Mage began the quest for the Orb.
     0 | D:1      | Reached XP level 1. HP: 11/11 MP: 3/3
    65 | D:1      | Reached skill level 5 in Poison Magic
   163 | D:1      | Upgraded the game from 0.18-a0-1121-gb454403 to 0.18-a0-1163-g98183fe
   310 | D:1      | Reached XP level 2. HP: 17/17 MP: 1/5
  1108 | D:2      | Reached skill level 6 in Poison Magic
  1108 | D:2      | Reached XP level 3. HP: 21/21 MP: 1/6
  1159 | D:2      | Learned a level 3 spell: Mephitic Cloud
  1288 | D:2      | Reached skill level 1 in Conjurations
  1378 | D:2      | Found a sparkling altar of Nemelex Xobeh.
  1627 | D:2      | Reached XP level 4. HP: 27/27 MP: 1/7
  1706 | D:2      | Reached skill level 2 in Conjurations
  2038 | D:3      | Found a shattered altar of Ashenzari.
  2783 | D:3      | Reached skill level 3 in Conjurations
  2972 | D:4      | Reached XP level 5. HP: 31/31 MP: 4/8
  3114 | D:4      | HP: 6/31 [giant gecko (3)]
  3365 | D:4      | Found a shadowy altar of Dithmenos.
  3365 | D:4      | Noticed a phantom
  3400 | D:4      | Reached skill level 4 in Conjurations
  3547 | D:4      | Found a staircase to the Ecumenical Temple.
  3553 | Temple   | Entered the Ecumenical Temple
  3652 | Temple   | Became a worshipper of Vehumet
  3757 | D:4      | Reached XP level 6. HP: 32/36 MP: 4/9
  3966 | D:4      | Found a glowing silver altar of Zin.
  4056 | D:4      | Reached skill level 5 in Conjurations
  4404 | D:4      | Found a snail-covered altar of Cheibriados.
  4766 | D:5      | Entered Level 5 of the Dungeon
  4768 | D:5      | Found a sacrificial altar of Ru.
  4813 | D:5      | Reached skill level 6 in Conjurations
  4813 | D:5      | Reached XP level 7. HP: 36/41 MP: 8/10
  4931 | D:5      | Found a bloodstained altar of Trog.
  5044 | D:5      | Noticed Menkaure
  5155 | D:5      | Noticed Sigmund
  5337 | D:6      | Found a deep blue altar of Sif Muna.
  5363 | D:6      | Reached skill level 7 in Conjurations
  5378 | D:6      | HP: 10/41 [acid (2)]
  5379 | D:6      | Splashed by a jelly's acid

Vanquished Creatures
  A sky beast (D:6)
  An ogre (D:4)
  A giant frog (D:6)
  A scorpion (D:5)
  2 centaur skeletons (D:4)
  2 orc wizards (D:4)
  An iguana (D:4)
  A worker ant (D:4)
  A worker ant zombie (D:5)
  8 adders
  2 worms
  3 giant geckos
  6 orcs
  4 ball pythons
  5 giant cockroaches
  4 hobgoblins
  5 jackals
  3 quokkas
  5 bats
  A giant gecko skeleton (D:6)
  5 giant newts
  8 goblins
  6 kobolds
  10 rats
86 creatures vanquished.
